PA
GALESBURG GUZZLERS @ PUT-IN-BAY BC
08/21/2020
 
TOP OF THE 1ST
Galesburg Guzzlers batting - Pitching for Put-In-Bay BC : RHP Jaime Venditti
Pitching: RHP Jaime Venditti
Batting: RHB Javier Vásquez 0-0: Ball
1-0: Ground out 4-3 (Groundball, 4M)
Batting: RHB Ethan Miller 0-0: Ball
1-0: Foul Ball, location: 2F
1-1: Swinging Strike
1-2: Foul Ball, location: 2F
1-2: Foul Ball, location: 2F
1-2: Foul Ball, location: 2F
1-2: Strikes out looking
Batting: RHB José López 0-0: Foul Ball, location: 2F
0-1: Ball
1-1: Ball
2-1: Foul Ball, location: 2F
2-2: Strikes out swinging
Top of the 1st over - 0 run(s), 0 hit(s), 0 error(s), 0 left on base; Galesburg 0 - Put-In-Bay 0
BOTTOM OF THE 1ST
Put-In-Bay BC batting - Pitching for Galesburg Guzzlers : LHP Alfredo Sánchez
Pitching: LHP Alfredo Sánchez
Batting: RHB Tim Burnett 0-0: Swinging Strike
0-1: DOUBLE (Flyball, 9LS)
Batting: LHB José Ortega 0-0: Ball
1-0: Foul Ball, location: 2F
1-1: Called Strike
1-2: Ball
2-2: Ball
3-2: Base on Balls
Batting: RHB Eddie Davis 0-0: Called Strike
0-1: Fly out, F7 (Flyball, 7M)
Batting: RHB Pedro Pérez 0-0: Foul Ball, location: 2F
0-1: Foul Ball, location: 2F
0-2: Ball
1-2: DOUBLE (Line Drive, 9LD)
Tim Burnett scores
José Ortega to third
Batting: RHB Quincy van Enk 0-0: Ball
1-0: Ball
2-0: Called Strike
2-1: Ball
3-1: Base on Balls
Batting: RHB Carlos Trujillo 0-0: Ball
1-0: Called Strike
1-1: Fly out, F9 (Flyball, 89M)
Runner from 3rd tags up, SCORES, no throw
Batting: SHB Álex Gutiérrez 0-0: Called Strike
0-1: Swinging Strike
0-2: Ball
1-2: Foul Ball, location: 2F
1-2: Foul Ball, location: 2F
1-2: Ball
2-2: Ball
3-2: Base on Balls
Pedro Pérez to third
Quincy van Enk to second
Batting: RHB Ken Little 0-0: Ball
1-0: Fly out, F8 (Flyball, 8LM)
Bottom of the 1st over - 2 run(s), 2 hit(s), 0 error(s), 3 left on base; Galesburg 0 - Put-In-Bay 2
TOP OF THE 2ND
Galesburg Guzzlers batting - Pitching for Put-In-Bay BC : RHP Jaime Venditti
Batting: RHB Darrell Terwey 0-0: Called Strike
0-1: Ball
1-1: Ball
2-1: Foul Ball, location: 2F
2-2: Foul Ball, location: 2F
2-2: Foul Ball, location: 2F
2-2: Ground out 6-3 (Groundball, 6)
Batting: LHB Joram Nelen 0-0: Fly out, F7 (Flyball, 7M)
Batting: SHB Chris Williamson 0-0: Called Strike
0-1: Ball
1-1: Ball
2-1: Called Strike
2-2: Strikes out swinging
Top of the 2nd over - 0 run(s), 0 hit(s), 0 error(s), 0 left on base; Galesburg 0 - Put-In-Bay 2
BOTTOM OF THE 2ND
Put-In-Bay BC batting - Pitching for Galesburg Guzzlers : LHP Alfredo Sánchez
Batting: RHB Pil-joong Pak 0-0: Called Strike
0-1: Ball
1-1: Bunt missed!
1-2: Foul Ball, location: 2F
1-2: Ball
2-2: Ball
3-2: Foul Ball, location: 2F
3-2: Base on Balls
Batting: RHB Tim Burnett 0-0: Ball
1-0: Ball
2-0: Fly out, F8 (Flyball, 8RM)
Batting: LHB José Ortega 0-0: Called Strike
0-1: Swinging Strike
0-2: Grounds into double play, U4-3 (Groundball, 4)
Bottom of the 2nd over - 0 run(s), 0 hit(s), 0 error(s), 0 left on base; Galesburg 0 - Put-In-Bay 2
TOP OF THE 3RD
Galesburg Guzzlers batting - Pitching for Put-In-Bay BC : RHP Jaime Venditti
Batting: SHB Albert Santos 0-0: Called Strike
0-1: SINGLE (Line Drive, 78S)
Batting: LHB Martín Cruz 0-0: Ball
1-0: Ball
2-0: SINGLE (Line Drive, 3D)
Albert Santos to second
Batting: SHB José Macías 0-0: Swinging Strike
0-1: Foul Ball, location: 2F
0-2: Ball
1-2: Foul Ball, location: 2F
1-2: SINGLE (Flyball, 8LS)
Albert Santos to third
Martín Cruz to second
Runner from 3rd tries for Home, throw and OUT!
Martín Cruz to third
José Macías to second
Batting: RHB Javier Vásquez 0-0: Foul Ball, location: 2F
0-1: Foul Ball, location: 2F
0-2: Ball
1-2: Ball
2-2: Ball
3-2: Strikes out swinging
Batting: RHB Ethan Miller 0-0: Swinging Strike
0-1: Called Strike
0-2: Ball
1-2: Strikes out swinging
Top of the 3rd over - 0 run(s), 3 hit(s), 0 error(s), 2 left on base; Galesburg 0 - Put-In-Bay 2
BOTTOM OF THE 3RD
Put-In-Bay BC batting - Pitching for Galesburg Guzzlers : LHP Alfredo Sánchez
Batting: RHB Eddie Davis 0-0: Ball
1-0: Ball
2-0: Called Strike
2-1: Called Strike
2-2: Foul Ball, location: 2F
2-2: Foul Ball, location: 2F
2-2: Foul Ball, location: 2F
2-2: Ball
3-2: Ground out 1-3 (Groundball, 13)
Batting: RHB Pedro Pérez 0-0: Ball
1-0: Foul Ball, location: 2F
1-1: Called Strike
1-2: Ground out 5-3 (Groundball, 5)
Batting: RHB Quincy van Enk 0-0: Ball
1-0: Ball
2-0: Ball
3-0: Called Strike
3-1: Base on Balls
Batting: RHB Carlos Trujillo 0-0: Called Strike
0-1: Called Strike
0-2: Ball
1-2: Fly out, F4 (Popup, 3D)
Bottom of the 3rd over - 0 run(s), 0 hit(s), 0 error(s), 1 left on base; Galesburg 0 - Put-In-Bay 2
TOP OF THE 4TH
Galesburg Guzzlers batting - Pitching for Put-In-Bay BC : RHP Jaime Venditti
Batting: RHB José López 0-0: Ball
1-0: Called Strike
1-1: Swinging Strike
1-2: Strikes out swinging
Batting: RHB Darrell Terwey 0-0: Ball
1-0: Called Strike
1-1: Ball
2-1: Swinging Strike
2-2: Strikes out looking
Batting: LHB Joram Nelen 0-0: Ground out 4-3 (Groundball, 34)
Top of the 4th over - 0 run(s), 0 hit(s), 0 error(s), 0 left on base; Galesburg 0 - Put-In-Bay 2
BOTTOM OF THE 4TH
Put-In-Bay BC batting - Pitching for Galesburg Guzzlers : LHP Alfredo Sánchez
Batting: SHB Álex Gutiérrez 0-0: Called Strike
0-1: Swinging Strike
0-2: Ground out 3-1 (Groundball, 34)
Batting: RHB Ken Little 0-0: Ball
1-0: Fly out, F3 (Popup, 3F)
Batting: RHB Pil-joong Pak 0-0: Called Strike
0-1: Swinging Strike
0-2: DOUBLE (Flyball, 78M)
Batting: RHB Tim Burnett 0-0: Ball
1-0: Called Strike
1-1: Ball
2-1: Called Strike
2-2: Foul Ball, location: 2F
2-2: Strikes out swinging
Bottom of the 4th over - 0 run(s), 1 hit(s), 0 error(s), 1 left on base; Galesburg 0 - Put-In-Bay 2
TOP OF THE 5TH
Galesburg Guzzlers batting - Pitching for Put-In-Bay BC : RHP Jaime Venditti
Batting: SHB Chris Williamson 0-0: Ball
1-0: Ball
2-0: Ball
3-0: Called Strike
3-1: Called Strike
3-2: Foul Ball, location: 2F
3-2: Base on Balls
Batting: SHB Albert Santos 0-0: Sac Bunt - play at first, batter OUT! 6-3
Chris Williamson to second
Batting: LHB Martín Cruz 0-0: Ball
Chris Williamson is caught stealing 3rd base
1-0: Fly out, F2 (Popup, 2LF)
Top of the 5th over - 0 run(s), 0 hit(s), 0 error(s), 0 left on base; Galesburg 0 - Put-In-Bay 2
BOTTOM OF THE 5TH
Put-In-Bay BC batting - Pitching for Galesburg Guzzlers : LHP Alfredo Sánchez
Batting: LHB José Ortega 0-0: Called Strike
0-1: Ground out 1-3 (Groundball, 13S)
Batting: RHB Eddie Davis 0-0: Foul Ball, location: 2F
0-1: Ball
1-1: SINGLE (Groundball, 5D)
Batting: RHB Pedro Pérez 0-0: Called Strike
0-1: Called Strike
0-2: Fly out, F7 (Flyball, 78S)
Batting: RHB Quincy van Enk 0-0: Ball
1-0: Ball
2-0: Foul Ball, location: 2F
2-1: Ground out 6-3 (Groundball, 6)
Bottom of the 5th over - 0 run(s), 1 hit(s), 0 error(s), 1 left on base; Galesburg 0 - Put-In-Bay 2
TOP OF THE 6TH
Galesburg Guzzlers batting - Pitching for Put-In-Bay BC : RHP Jaime Venditti
Batting: SHB José Macías 0-0: Ball
1-0: Called Strike
1-1: Foul Ball, location: 2F
1-2: Strikes out swinging
Batting: RHB Javier Vásquez 0-0: Called Strike
0-1: Ball
1-1: Called Strike
1-2: Strikes out swinging
Batting: RHB Ethan Miller 0-0: Called Strike
0-1: SINGLE (Flyball, 78S)
Batting: RHB José López 0-0: Ball
1-0: Reached on error, E5 (Groundball, 5L)
Ethan Miller to third
Batting: RHB Darrell Terwey 0-0: Fly out, F9 (Flyball, 9M)
Top of the 6th over - 0 run(s), 1 hit(s), 1 error(s), 2 left on base; Galesburg 0 - Put-In-Bay 2
BOTTOM OF THE 6TH
Put-In-Bay BC batting - Pitching for Galesburg Guzzlers : LHP Alfredo Sánchez
Batting: RHB Carlos Trujillo 0-0: Called Strike
0-1: SINGLE (Groundball, 6MD) (infield hit)
Batting: SHB Álex Gutiérrez 0-0: Bunted foul
0-1: Bunt missed!
0-2: Reached on error, E1 (Groundball, 13)
Carlos Trujillo to second
Batting: RHB Ken Little 0-0: Bunted foul
0-1: Bunt missed!
0-2: Fly out, F4 (Line Drive, 4)
Batting: RHB Pil-joong Pak 0-0: Ball
1-0: Foul Ball, location: 2F
1-1: Fly out, F6 (Popup, 56)
Batting: RHB Tim Burnett 0-0: Foul Ball, location: 2F
0-1: Foul Ball, location: 2F
0-2: Foul Ball, location: 2F
0-2: Ball
1-2: Ball
2-2: SINGLE (Groundball, 56D)
Carlos Trujillo to third
Álex Gutiérrez to second
Runner from 3rd tries for Home, SAFE, no throw or cutoff
Batting: LHB José Ortega 0-0: Ball
1-0: Fly out, F2 (Popup, 25F)
Bottom of the 6th over - 1 run(s), 2 hit(s), 1 error(s), 2 left on base; Galesburg 0 - Put-In-Bay 3
TOP OF THE 7TH
Galesburg Guzzlers batting - Pitching for Put-In-Bay BC : RHP Jaime Venditti
Batting: LHB Joram Nelen 0-0: Called Strike
0-1: Swinging Strike
0-2: Ground out U3 (Groundball, 3S)
Batting: SHB Chris Williamson 0-0: Ball
1-0: Fly out, F8 (Flyball, 8LM)
Batting: SHB Albert Santos 0-0: Called Strike
0-1: Foul Ball, location: 2F
0-2: Foul Ball, location: 2F
0-2: Ball
1-2: Foul Ball, location: 2F
1-2: Ball
2-2: Foul Ball, location: 2F
2-2: Ball
3-2: Fly out, F5 (Popup, 5F)
Top of the 7th over - 0 run(s), 0 hit(s), 0 error(s), 0 left on base; Galesburg 0 - Put-In-Bay 3
BOTTOM OF THE 7TH
Put-In-Bay BC batting - Pitching for Galesburg Guzzlers : LHP Alfredo Sánchez
Batting: RHB Eddie Davis 0-0: Called Strike
0-1: SINGLE (Groundball, 56D)
Batting: RHB Pedro Pérez 0-0: Ground out 5-3 (Groundball, 5S)
Eddie Davis to second
Batting: RHB Quincy van Enk 0-0: Ground out 4-3 (Groundball, 4)
Eddie Davis to third
Pitching: RHP Atsumori Fujii
Batting: RHB Carlos Trujillo 0-0: Fly out, F7 (Flyball, 7M)
Bottom of the 7th over - 0 run(s), 1 hit(s), 0 error(s), 1 left on base; Galesburg 0 - Put-In-Bay 3
TOP OF THE 8TH
Galesburg Guzzlers batting - Pitching for Put-In-Bay BC : RHP Jaime Venditti
Pitching: LHP Jim Unknown
Batting: LHB Martín Cruz 0-0: Ball
1-0: Foul Ball, location: 2F
1-1: Ball
2-1: Ball
3-1: Ground out 3-1 (Groundball, 34)
Batting: SHB José Macías 0-0: Ball
1-0: DOUBLE (Flyball, 8LM)
Batting: RHB Javier Vásquez 0-0: SINGLE (Groundball, 56)
José Macías to third
Batting: RHB Ethan Miller 0-0: Ball
1-0: Grounds into double play, U6-3 (Groundball, 6M)
Top of the 8th over - 0 run(s), 2 hit(s), 0 error(s), 1 left on base; Galesburg 0 - Put-In-Bay 3
BOTTOM OF THE 8TH
Put-In-Bay BC batting - Pitching for Galesburg Guzzlers : RHP Atsumori Fujii
Batting: SHB Álex Gutiérrez 0-0: Ball
1-0: Ball
2-0: Swinging Strike
2-1: Swinging Strike
2-2: Strikes out swinging
Batting: RHB Ken Little 0-0: Ball
1-0: Ball
2-0: Ground out 6-3 (Groundball, 6)
Batting: RHB Pil-joong Pak 0-0: Ball
1-0: Called Strike
1-1: Called Strike
1-2: Strikes out looking
Bottom of the 8th over - 0 run(s), 0 hit(s), 0 error(s), 0 left on base; Galesburg 0 - Put-In-Bay 3
TOP OF THE 9TH
Galesburg Guzzlers batting - Pitching for Put-In-Bay BC : LHP Jim Unknown
Batting: RHB José López 0-0: Ball
1-0: Ball
2-0: Foul Ball, location: 2F
2-1: SINGLE (Line Drive, 7S)
Batting: RHB Darrell Terwey 0-0: Called Strike
0-1: Ball
1-1: Ball
2-1: Grounds into double play, 5-4-3 (Groundball, 5L)
Batting: LHB Joram Nelen 0-0: Ball
1-0: Foul Ball, location: 2F
1-1: Called Strike
1-2: Foul Ball, location: 2F
1-2: Foul Ball, location: 2F
1-2: Ball
2-2: SINGLE (Flyball, 78S)
Batting: SHB Chris Williamson 0-0: Ball
1-0: Ball
2-0: Called Strike
2-1: Foul Ball, location: 2F
2-2: Hit by Pitch
Joram Nelen to second
Pinch Hitting: RHB Jim Unknown 0-0: Ground out 6-3 (Groundball, 6)
Top of the 9th over - 0 run(s), 2 hit(s), 0 error(s), 2 left on base; Galesburg 0 - Put-In-Bay 3
This league is powered by Out of the Park Baseball, the baseball management simulation game for PC, Mac and Linux
Friday, October 23rd, 2015 - OOTP Baseball 16.9 Build 39